 Dungeon Crawl Stone Soup version 0.30-a0-652-gcc886f7154 (webtiles) character file.

Game seed: 1217277169481407197

2267 browni3141 the Covert (level 9, -5/55 HPs)
             Began as a Kobold Brigand on Jan 17, 2023.
             Was an Initiate of Wu Jian.
             Slain by a wyvern (16 damage)
             ... on level 6 of the Dungeon.
             The game lasted 00:10:02 (6017 turns).

browni3141 the Covert (Kobold Brigand)              Turns: 6017, Time: 00:10:03

Health: -5/55      AC:  4    Str:  8    XL:     9   Next: 65%
Magic:  0/9        EV: 20    Int: 13    God:    Wu Jian [......]
Gold:   121        SH:  0    Dex: 20    Spells: 8/8 levels left

rFire   . . .      SeeInvis .    a - +2 dagger
rCold   . . .      Faith    .    (no shield)
rNeg    . . .      Spirit   +    b - +0 robe
rPois   +          Reflect  .    (no helmet)
rElec   .          Harm     .    m - +1 cloak {rPois}
rCorr   .          Rampage  .    (no gloves)
Will    .....                    (no boots)
Stlth   ++++++                   t - amulet of guardian spirit
HPRegen 0.29/turn                (no ring)
MPRegen 0.11/turn                (no ring)

@: no status effects
A: small, no large weapons, nightstalker 3
a: Renounce Religion


You were on level 6 of the Dungeon.
You worshipped Wu Jian.
Wu Jian was noncommittal.
You visited 2 branches of the dungeon, and saw 7 of its levels.

You collected 283 gold pieces.
You spent 162 gold pieces at shops.

Inventory:

Hand Weapons
 a - a +2 dagger (weapon)
 k - a +0 rapier
Missiles
 d - 16 poisoned darts (quivered)
Armour
 b - a +0 robe (worn)
 c - a +0 cloak
 m - a +1 cloak of poison resistance (worn)
Jewellery
 q - an amulet of magic regeneration
 t - an amulet of guardian spirit (around neck)
Wands
 u - a wand of digging (9)
Scrolls
 g - a scroll of vulnerability {unknown}
 h - a scroll of enchant armour {unknown}
 j - a scroll of acquirement {unknown}
 n - 2 scrolls of enchant weapon {unknown}
 p - 3 scrolls of teleportation {unknown}
 s - a scroll of fear {unknown}
 x - a scroll of identify
Potions
 l - 2 potions of ambrosia
 r - a potion of degeneration {unknown}
 v - a potion of invisibility {unknown}


   Skills:
 + Level 5.8 Fighting
 + Level 6.9 Short Blades
 - Level 2.1 Throwing
 * Level 8.5 Dodging
 * Level 11.4 Stealth


You had 8 spell levels left.
You didn't know any spells.
Your spell library contained the following spells:

 Spells                   Type           Power      Damage    Failure   Level
 Foxfire                  Conj/Fire      0%         2x1d4     30%         1
 Summon Small Mammal      Summ           0%         N/A       30%         1
 Call Canine Familiar     Summ           0%         N/A       67%         3
 Gell's Gravitas          Tloc           0%         N/A       67%         3
 Ozocubu's Armour         Ice            0%         N/A       67%         3
 Summon Guardian Golem    Hex/Summ       0%         N/A       67%         3
 Teleport Other           Tloc           0%         N/A       67%         3
 Fireball                 Conj/Fire      0%         3d3       100%        5
 Dispersal                Tloc           0%         N/A       100%        6
 Starburst                Conj/Fire      0%         6d3       100%        6
 Ozocubu's Refrigeration  Ice            0%         4d7       100%        7


Dungeon Overview and Level Annotations

Branches:
Dungeon (6/15)             Temple (1/1) D:5

Altars:
Ashenzari
Dithmenos
Fedhas
Gozag
Kikubaaqudgha
Makhleb
Nemelex Xobeh
Qazlal
Ru
Sif Muna
Trog
Uskayaw
Vehumet
Wu Jian
Xom
Yredelemnul
Zin

Shops:
D:5 !*

Annotations:
D:5 Edmund
D:6 exclusion: 2 electric eels


Innate Abilities, Weirdness & Mutations

You are small and have problems with some larger weapons.
You are completely attuned to the shadows.


Message History

Throw: 21 darts (poison)
Press: ? - help, Q - select action Shift-Dir - straight line, f/p - wyvern
Aim: a wyvern (severely wounded, poisoned, slow, 65% to hit)
You throw a poisoned dart.
The poisoned dart barely misses the wyvern.
The wyvern completely misses you.
You feel better. The wyvern barely misses you.
Throw: 20 darts (poison)
Press: ? - help, Q - select action Shift-Dir - straight line, f/p - wyvern
Aim: a wyvern (heavily wounded, poisoned, slow, 65% to hit)
You throw a poisoned dart. The poisoned dart hits the wyvern.
The wyvern looks even sicker.
The wyvern is heavily wounded.
The wyvern misses you.
Throw: 19 darts (poison)
Press: ? - help, Q - select action Shift-Dir - straight line, f/p - wyvern
Aim: a wyvern (heavily wounded, very poisoned, slow, 65% to hit)
You throw a poisoned dart. The poisoned dart hits the wyvern.
The wyvern looks even sicker.
The wyvern is heavily wounded.
The wyvern misses you.
Throw: 18 darts (poison)
Press: ? - help, Q - select action Shift-Dir - straight line, f/p - wyvern
Aim: a wyvern (heavily wounded, very poisoned, slow, 65% to hit)
You throw a poisoned dart. The poisoned dart hits the wyvern.
The wyvern looks as sick as possible!
The wyvern is heavily wounded.
The wyvern completely misses you.
Throw: 17 darts (poison)
Press: ? - help, Q - select action Shift-Dir - straight line, f/p - wyvern
Aim: a wyvern (heavily wounded, extremely poisoned, slow, 65% to hit)
You throw a poisoned dart.
The poisoned dart completely misses the wyvern.
The wyvern bites you!
* * * LOW HITPOINT WARNING * * *
The wyvern attacks as you move away! The wyvern misses you.
The wyvern attacks as you move away! The wyvern bites you.
* * * LOW HITPOINT WARNING * * *
The wyvern attacks as you move away! The wyvern bites you!
You die...

##...... # #(...... ## #.......
#. #(...... #.
~~~P.~~~P...#(###... #.
~~~~~~~~~P..#.## ... ##.
~≈~≈.≈≈≈.≈≈~~.#..# .. ##..
#≈~≈#~~~#~~~# ##l# .####...
##.###.###.#####@#######.>.....#.
#...#..(#...#..#......#........#.
...............######.#........#.
......................#).........
................#######.......##.
..[........................#.## .
#...#...#...#....#########.#.#
##.###.###.####..##.# #.#.#
#≈≈~#~~≈#≈≈≈# #.....# #.#.#


You could see a wyvern (very poisoned, slow).

Vanquished Creatures
  A boulder beetle (D:6)
  3 yaks (D:5)
  Eustachio (D:5)
  2 water moccasins (D:5)
  An ice beast (D:6)
  A centaur (D:6)
  A phantom (D:5)
  A bullfrog (D:6)
  A scorpion (D:5)
  A necrophage (D:5)
  A jelly (D:5)
  A hound (D:5)
  2 orc priests
  2 iguanas
  Ijyb (D:5)
  7 gnolls
  11 adders
  An ufetubus (D:4)
  3 worms
  2 dart slugs
  10 orcs
  6 bats
  7 endoplasms
  4 giant cockroaches
  6 hobgoblins
  2 jackals (D:2)
  A quokka (D:4)
  7 ball pythons
  A frilled lizard (D:2)
  10 goblins
  8 kobolds
  2 rats
108 creatures vanquished.

Vanquished Creatures (others)
  A goblin (D:4)
1 creature vanquished.

Grand Total: 109 creatures vanquished

Notes
Turn   | Place    | Note
-------+----------+-------------------------------------------
     0 | D:1      | browni3141 the Kobold Brigand began the quest for the Orb.
     0 | D:1      | Reached XP level 1. HP: 12/12 MP: 1/1
   183 | D:1      | Reached XP level 2. HP: 17/17 MP: 2/2
   746 | D:2      | Reached XP level 3. HP: 22/22 MP: 3/3
   902 | D:2      | Reached skill level 6 in Stealth
   917 | D:2      | Reached XP level 4. HP: 14/27 MP: 4/4
  1993 | D:3      | Reached XP level 5. HP: 32/32 MP: 5/5
  2877 | D:3      | Reached skill level 7 in Stealth
  2979 | D:4      | Reached XP level 6. HP: 22/37 MP: 6/6
  3496 | D:4      | Found an ancient bone altar of Kikubaaqudgha.
  3563 | D:5      | Entered Level 5 of the Dungeon
  3634 | D:5      | Found a staircase to the Ecumenical Temple.
  3637 | D:5      | Noticed Eustachio
  3647 | D:5      | Killed Eustachio
  3648 | D:5      | Reached skill level 5 in Dodging
  3648 | D:5      | Reached skill level 8 in Stealth
  3648 | D:5      | Reached XP level 7. HP: 42/42 MP: 7/7
  3653 | Temple   | Entered the Ecumenical Temple
  3905 | Temple   | Became a worshipper of the Wu Jian Council
  4027 | D:5      | Noticed Ijyb
  4039 | D:5      | Killed Ijyb
  4211 | D:5      | Found Qidio's Distillery.
  4540 | D:5      | Reached skill level 5 in Short Blades
  4689 | D:5      | Found Luisoheb's Serpentskin Sales.
  4689 | D:5      | Noticed a water moccasin
  4689 | D:5      | Noticed a water moccasin
  4695 | D:5      | Killed a water moccasin
  4696 | D:5      | Reached XP level 8. HP: 48/48 MP: 8/8
  4705 | D:5      | Reached skill level 9 in Stealth
  4716 | D:5      | Bought a +1 cloak of poison resistance for 162 gold pieces
  5051 | D:6      | Noticed Edmund
  5187 | D:6      | Noticed a yak
  5187 | D:6      | Noticed a yak
  5187 | D:6      | Noticed a yak
  5230 | D:5      | Killed a yak
  5320 | D:6      | Noticed a yak
  5321 | D:6      | Noticed a yak
  5353 | D:5      | Killed a yak
  5357 | D:5      | HP: 1/48 [yak (13)]
  5359 | D:5      | Killed a yak
  5360 | D:5      | Reached skill level 5 in Fighting
  5360 | D:5      | Reached skill level 10 in Stealth
  5360 | D:5      | Reached XP level 9. HP: 2/54 MP: 9/9
  5932 | D:6      | Noticed a boulder beetle
  5935 | D:6      | Killed a boulder beetle
  5936 | D:6      | Reached skill level 11 in Stealth
  6017 | D:6      | Slain by a wyvern

Illustrated notes

Levels and vault maps discovered:
D:1:      minmay_arrival_doors, layout_loops_ring, minmay_pentomino_w2
D:2:      layout_basic, cheibrodos_gnoll_hut
D:3:      cheibrodos_old_hovel, layout_loops_ring
D:4:      layout_rooms, nicolae_kikubaaqudgha_miasma_corner
D:5:      layout_layer_cave, minmay_temple_entry_grid, serial_shops,
          shop_fountains, grunt_ministairs_2, guppyfry_shop_venom, uniq_ijyb,
          uniq_eustachio
D:6:      wad_lake_hut, layout_basic, uniq_pikel, uniq_edmund,
          uniq_blork_the_orc
Temple:   nicolae_temple_bog_church

Skill      XL: |  1  2  3  4  5  6  7  8  9 |
---------------+----------------------------+-----
Short Blades   | 3 4 5 6 |  6.9
Dodging        | 2 3 5 7 8 |  8.5
Stealth        | 6 7 8 10 11 | 11.4
Fighting       | 3 4 5 |  5.8
Throwing       | |  2.1

Action                   |  1- 3 |  4- 6 |  7- 9 || total
-------------------------+-------+-------+-------++-------
Melee: Dagger            |    42 |   197 |   119 ||   358
       Punch             |       |     5 |     2 ||     7
Throw: Dart              |     1 |    24 |    20 ||    45
Invok: Lunge             |       |       |     9 ||     9
Evoke: Wand              |       |       |     3 ||     3
  Use: Scroll            |       |     5 |     1 ||     6
       Potion            |       |       |     7 ||     7
 Stab: Sleeping          |    16 |    24 |    11 ||    51
       Distracted        |       |     1 |       ||     1
Armor: Robe              |    10 |    27 |    11 ||    48
Dodge: Dodged            |    18 |   143 |    85 ||   246

Table legend: (Time is in decaauts)
 A = Elapsed time spent in this place.
 B = Non-inter-level travel time spent in this place.
 C = Inter-level travel time spent in this place.
 D = Time resting spent in this place.
 E = Time spent auto-exploring this place.
 F = Levels seen in this place.
 G = Mean time per level.
                   A        B        C        D        E       F      G
               +--------+--------+--------+--------+--------+-----+--------+
         Total |   5962 |   5677 |    285 |    152 |   4522 |   7 |  851.7 |
       Dungeon |   5678 |   5421 |    257 |    152 |   4285 |   6 |  946.3 |
        Temple |    283 |    255 |     28 |      0 |    237 |   1 |  283.0 |
               +--------+--------+--------+--------+--------+-----+--------+

Top non-repeatable levels by time:
     D:5: 1726 daAuts
     D:2: 1268 daAuts
     D:1: 777 daAuts
     D:4: 746 daAuts
     D:3: 728 daAuts
     D:6: 431 daAuts
  Temple: 283 daAuts
